 Dungeon Crawl Stone Soup version 0.28.0-53-g5a82cb258f (webtiles) character file.

Game seed: 588380770165974104

86 Atelerd the Digger (level 4, -6/27 HPs)
             Began as an Octopode Earth Elementalist on July 17, 2022.
             Killed from afar by a goblin (12 damage)
             ... with an iceblast
             ... on level 3 of the Dungeon.
             The game lasted 00:02:16 (2741 turns).

Atelerd the Digger (Octopode Earth Elementalist)    Turns: 2741, Time: 00:02:17

Health: -6/27      AC:  1    Str:  7    XL:     4   Next: 49%
Magic:  5/7        EV: 13    Int: 19    God:
Gold:   132        SH:  0    Dex: 12    Spells: 7/8 levels left

rFire   . . .      SeeInvis .   i - +2 dagger (flame)
rCold   . . .      Faith    .   (no shield)
rNeg    . . .      Spirit   .   (helmet restricted)
rPois   .          Reflect  .   (no amulet)
rElec   .          Harm     .   (no ring)
rCorr   .          Rampage  .   (no ring)
Will    .....                   (no ring)
Stlth   +++.......              (no ring)
HPRegen 0.09/turn               (no ring)
MPRegen 0.10/turn               (no ring)
                                (no ring)
                                (no ring)

@: no status effects
A: almost no armour, amphibious, 8 rings, camouflage 1, gelatinous body 1,
(nimble swimmer 1), tentacles
a: no special abilities


You were on level 3 of the Dungeon.
You visited 1 branch of the dungeon, and saw 3 of its levels.

You collected 132 gold pieces.

Inventory:

Hand Weapons
 e - a +0 dagger
 i - a +2 dagger of flaming (weapon)
Missiles
 b - 48 stones
Scrolls
 c - 4 scrolls of identify {unknown}
 d - 2 scrolls of vulnerability {unknown}
 f - a scroll of teleportation {unknown}
 g - a scroll of enchant weapon {unknown}
Potions
 a - 3 potions of heal wounds {unknown}
 h - a potion of magic {unknown}
 j - a potion of attraction {unknown}


   Skills:
 - Level 2.2 Dodging
 - Level 2.8 Stealth
 + Level 2.5 Spellcasting
 * Level 2.7 Transmutations
 + Level 3.7 Earth Magic


You had 7 spell levels left.
You knew the following spells:

 Your Spells              Type           Power      Damage    Failure   Level
a - Sandblast             Erth           32%        2d9       3%          1

Your spell library contained the following spells:

 Spells                   Type           Power      Damage    Failure   Level
 Passwall                 Tmut/Erth      11%        N/A       6%          2
 Shock                    Conj/Air       8%         1d3       16%         1
 Slow                     Hex            8%         N/A       16%         1
 Stone Arrow              Conj/Erth      18%        3d8       22%         3
 Petrify                  Tmut/Erth      14%        N/A       38%         4
 Confusing Touch          Hex            2%         N/A       43%         3
 Swiftness                Air            2%         N/A       43%         3
 Vampiric Draining        Necr           2%         2d6       43%         3
 Airstrike                Air            1%         N/A       85%         4


Dungeon Overview and Level Annotations

Branches:
Dungeon (3/15)

Altars:

Shops:
D:2 [


Innate Abilities, Weirdness & Mutations

You cannot wear most types of armour.
You are amphibious.
You can wear up to eight rings at the same time.
Your skin changes colour to match your surroundings (Stealth+).
Your rubbery body absorbs attacks. (AC +1, EV +1)
((You are camouflaged when in or above water. (Stealth+)))
You have tentacles for arms and can constrict up to eight enemies at once.


Message History

A goblin comes into view. It is wielding a +0 club.
The goblin zaps a wand.
The mass of ice explodes!
The iceblast engulfs you!
Ouch! That really hurt!
The endoplasm hits you.
The goblin shouts!
You hear a shout!
You are too injured to fight recklessly!
There are monsters nearby!
You are too injured to fight recklessly!
You are too injured to fight recklessly!
There are monsters nearby!
You are too injured to fight recklessly!
You are too injured to fight recklessly!
You are too injured to fight recklessly!
There are monsters nearby!
Unknown command.
Casting: Sandblast (safe; 3% risk of failure)
Confirm with . or Enter, or press ? or * to list all spells.
Aiming: Sandblast (safe; 3% risk of failure)
Press: ? - help, Shift-Dir - straight line, f - endoplasm
Aim: an endoplasm (heavily wounded, 98% to hit)
The blast of sand hits the endoplasm.
You kill the endoplasm!
The goblin zaps a wand.
The mass of ice explodes!
The iceblast engulfs you.
* * * LOW HITPOINT WARNING * * *
You hear a shout! x4
You start resting.
There are monsters nearby!
c - 4 scrolls labelled VAUDAOFREKH (gained 1)
You start resting.
There are monsters nearby!
Casting: Sandblast (safe; 3% risk of failure)
Confirm with . or Enter, or press ? or * to list all spells.
Aiming: Sandblast (safe; 3% risk of failure)
Press: ? - help, Shift-Dir - straight line, f - goblin
Aim: a goblin, wielding a +0 club (74% to hit)
The blast of sand misses the goblin.
The goblin zaps a wand.
The mass of ice explodes!
The iceblast engulfs the goblin!
The goblin dies!
The iceblast engulfs you!
You die...

#...# ###.# .#. #.
###.######...# ... ..
....##.....# #..#.
#.#.##.....## #.#.
###.#.#†....... #..
#........>...##
####.###.....###....#
#.#.....).g....#
#..###
..?....@##.....###.##
###....###........##
#..#. #..g..#.## #.
.. .....g...# .. ...
..##.###.# ##
#.........g...#
#.######..##..# .. #
#..# #### #..# #...


You could see a goblin.

Vanquished Creatures
  Jessica (D:3)
  2 adders (D:2)
  A worm (D:2)
  A dart slug (D:3)
  6 endoplasms
  A giant cockroach (D:2)
  2 goblins (D:2)
  3 hobgoblins
  6 quokkas
  2 ball pythons (D:2)
  4 bats
  2 frilled lizards (D:3)
  4 kobolds
  2 rats
37 creatures vanquished.

Vanquished Creatures (others)
  A goblin (D:3)
1 creature vanquished.

Grand Total: 38 creatures vanquished

Notes
Turn   | Place    | Note
-------+----------+-------------------------------------------
     0 | D:1      | Atelerd the Octopode Earth Elementalist began the quest for
                  | the Orb.
     0 | D:1      | Reached XP level 1. HP: 11/11 MP: 3/3
   155 | D:1      | Reached XP level 2. HP: 17/17 MP: 1/5
  1053 | D:1      | Found a faded altar of an unknown god.
  1228 | D:2      | Found Efaum's Antique Armour Boutique.
  1304 | D:2      | Reached XP level 3. HP: 21/21 MP: 2/6
  2268 | D:3      | Noticed Jessica
  2271 | D:3      | Killed Jessica
  2272 | D:3      | Reached XP level 4. HP: 23/27 MP: 7/7
  2741 | D:3      | Killed from afar by a goblin

Illustrated notes

Levels and vault maps discovered:
D:1:      wander_arrival_desolate, layout_loops_ring,
          dilly_ecumenical_altar_fadedgnrine, minmay_cut_off
D:2:      minmay_door_path, layout_rooms, serial_shops, nicolae_shop_crystal,
          minmay_misc_feat_four_crosses, lemuel_flame_loot_1
D:3:      layout_loops_ring, uniq_jessica, uniq_robin

Skill      XL: |  1  2  3 |
---------------+----------+-----
Transmutations | 2 |  2.7
Dodging        | |  2.2
Stealth        | |  2.8
Spellcasting   | |  2.5
Earth Magic    | |  3.7

Action                   |  1- 3 |  4- 6 || total
-------------------------+-------+-------++-------
Melee: Unarmed           |     7 |       ||     7
       Constrict         |     6 |       ||     6
       Dagger            |    26 |     2 ||    28
       Tentacles         |     6 |       ||     6
 Cast: Sandblast         |    23 |     7 ||    30
 Stab: Sleeping          |     6 |       ||     6
Armor: Skin              |       |     1 ||     1
Dodge: Dodged            |    17 |       ||    17
